 Dungeon Sprint DCSS version 0.20.1-1-g8b1a95d (webtiles) character file.

266 wojtek the Basher (level 6, -4/61 HPs)
             Began as a Minotaur Fighter on Jan 1, 2018.
             Slain by a slime creature (12 damage)
             ... in the Dungeon (Sprint I: "Red Sonja").
             The game lasted 00:00:22 (272 turns).

wojtek the Basher (Minotaur Fighter)                 Turns: 272, Time: 00:00:23

Health: -4/61      AC:  8    Str: 22    XL:     6   Next: 0%
Magic:  5/5        EV:  7    Int:  5    God:
Gold:   162        SH:  9    Dex: 10    Spells: 5/5 levels left

rFire    . . .     SeeInvis .   a - +0 flail
rCold    . . .     Gourm    .   c - +0 shield
rNeg     . . .     Faith    .   b - +0 scale mail
rPois    .         Spirit   .   (helmet restricted)
rElec    .         Reflect  .   (no cloak)
rCorr    .         Harm     .   (no gloves)
MR       .....     NoTele   +   (no boots)
Stlth    ..........             (no amulet)
Regen    0.2/turn               (no ring)
MPRegen  0.1/turn               (no ring)

@: no status effects
A: retaliatory headbutt, horns 2
a: no special abilities


You were in the Dungeon.
You were not hungry.

You visited 1 branch You collected 162 gold pieces.

Inventory:

Hand Weapons
 a - a +0 flail (weapon)
Armour
 b - a +0 scale mail (worn)
 c - a +0 shield (worn)
Scrolls
 k - a scroll of blinking
Potions
 d - a potion of might
 e - a potion of curing
 g - a potion of heal wounds
 h - a potion of haste
 i - 2 potions of magic
 j - a potion of berserk rage
Comestibles
 f - a bread ration
 l - 3 chunks of flesh


   Skills:
 + Level 8.2 Fighting
 * Level 10.7 Maces & Flails
 + Level 8.3 Armour
 - Level 3.6 Shields


You had 5 spell levels left.
You didn't know any spells.

Dungeon Overview and Level Annotations

Branches:
Dungeon (1/1)

Altars:
Makhleb
Xom
Jiyva
Lugonu


Innate Abilities, Weirdness & Mutations

You reflexively headbutt those who attack you in melee.
You have a pair of horns on your head.


Message History

The slime creature barely misses you. You furiously retaliate!
You headbutt the slime creature. You sock the slime creature!
You headbutt the slime creature!
The slime creature is heavily wounded.
The slime creature hits you!
You hit the slime creature.
The slime creature is severely wounded.
The slime creature misses you.
Your shield prevents you from hitting the slime creature.
The slime creature is severely wounded.
The slime creature hits you!
* * * LOW HITPOINT WARNING * * *
You hit the slime creature. You headbutt the slime creature.
The slime creature is severely wounded.
The slime creature completely misses you.
You furiously retaliate!
You headbutt the slime creature! You sock the slime creature!
The slime creature is almost dead.
The slime creature hits you!
You die...

################ ##
#<.#..').#..'..#__#
#..'[.#..').#.@J..+
#..#####'#####+#__#
#..# #..# ## #..#
#### #..# #⌠⌠# ####


You could see a slime creature.

Vanquished Creatures
  Sigmund (D)
  An ogre (D)
  Ijyb (D)
3 creatures vanquished.

Notes
Turn   | Place    | Note
-------+----------+-------------------------------------------
     0 | D        | wojtek the Minotaur Fighter began the quest for the Orb.
     0 | D        | Reached XP level 1. HP: 19/19 MP: 0/0
     1 | D        | Noticed Ijyb
    13 | D        | Killed Ijyb
    13 | D        | Reached skill level 5 in Fighting
    13 | D        | Reached skill level 5 in Maces & Flails
    13 | D        | Reached skill level 5 in Armour
    13 | D        | Reached XP level 2. HP: 25/29 MP: 1/1
    49 | D        | Noticed an ogre
    54 | D        | Killed an ogre
    54 | D        | Reached skill level 8 in Maces & Flails
    54 | D        | Reached XP level 3. HP: 28/38 MP: 2/2
    54 | D        | Reached XP level 4. HP: 33/45 MP: 3/3
   132 | D        | Noticed Sigmund
   143 | D        | Killed Sigmund
   143 | D        | Reached skill level 10 in Maces & Flails
   143 | D        | Reached XP level 5. HP: 40/53 MP: 4/4
   143 | D        | Reached XP level 6. HP: 46/61 MP: 5/5
   260 | D        | Found a burning altar of Makhleb.
   260 | D        | Found a viscous altar of Jiyva.
   260 | D        | Found a shimmering altar of Xom.
   260 | D        | Found a corrupted altar of Lugonu.
   260 | D        | Noticed a slime creature
   272 | D        | Slain by a slime creature

Skill      XL: |  1  2  3  4 |
---------------+-------------+-----
Fighting       | 5 6 8 |  8.2
Maces & Flails | 5 8 10 | 10.7
Armour         | 5 6 8 |  8.3
Shields        | |  3.6

Action                   |  1- 3 |  4- 6 || total
-------------------------+-------+-------++-------
Melee: Flail             |    15 |    21 ||    36
       Headbutt          |     4 |     7 ||    11
Armor: Scale mail        |     3 |     1 ||     4
Dodge: Dodged            |     3 |     3 ||     6
Block: Shield            |     8 |     5 ||    13
